 Dungeon Crawl Stone Soup version 0.29.1-15-g9cfb28693d (webtiles) character file.

Game seed: 16793882780284336744

132 croobank the Sneak (level 5, -3/37 HPs)
             Began as an Octopode Delver on Apr 24, 2023.
             Slain by a gnoll sergeant
             ... wielding a +0 hand axe
              (9 damage)
             ... on level 3 of the Dungeon.
             The game lasted 00:07:18 (3086 turns).

croobank the Sneak (Octopode Delver)                Turns: 3086, Time: 00:07:19

Health: -3/37      AC:  1    Str:  9 (12) XL:     5   Next: 15%
Magic:  5/5        EV: 13    Int: 12 (14) God:
Gold:   218        SH:  0    Dex: 12 (13) Spells: 4/4 levels left

rFire   + + .      SeeInvis .     - Unarmed
rCold   . . .      Faith    .   (no shield)
rNeg    . . .      Spirit   .   (helmet restricted)
rPois   .          Reflect  .   (no amulet)
rElec   .          Harm     .   t - ring of protection from fire
rCorr   .          Rampage  .   y - ring of protection from fire
Will    .....                   (no ring)
Stlth   ++++......              (no ring)
HPRegen 0.12/turn               (no ring)
MPRegen 0.09/turn               (no ring)
                                (no ring)
                                (no ring)

@: brilliant
A: almost no armour, amphibious, 8 rings, camouflage 1, gelatinous body 1,
(nimble swimmer 1), tentacles
a: no special abilities


You were on level 3 of the Dungeon.
You visited 1 branch of the dungeon, and saw 6 of its levels.

You collected 218 gold pieces.

Inventory:

Hand Weapons
 h - a +0 long sword
 l - a +2 dagger of venom
 m - a +0 war axe
 B - a +4 whip
Missiles
 b - 3 silver javelins
 g - 6 poisoned darts (quivered)
Armour
 u - an orb of light
Jewellery
 t - a ring of protection from fire (left tentacle)
 y - a ring of protection from fire (right tentacle)
Wands
 e - a wand of digging (1)
Scrolls
 a - 3 scrolls of fog
 c - 2 scrolls of amnesia {unknown}
 f - 4 scrolls of identify {unknown}
 i - 3 scrolls of teleportation {unknown}
 o - a scroll of enchant weapon {unknown}
 p - a scroll of vulnerability {unknown}
 v - a scroll of poison {unknown}
 w - a scroll of blinking {unknown}
 A - a scroll of immolation {unknown}
Potions
 d - 2 potions of haste
 q - a potion of attraction {unknown}
 r - 2 potions of curing {unknown}
 s - a potion of flight {unknown}
 x - a potion of experience {unknown}
 z - a potion of cancellation {unknown}


   Skills:
 + Level 3.8 Fighting
 + Level 3.1 Dodging
 + Level 7.4 Stealth
 + Level 3.0 Unarmed Combat


You had 4 spell levels left.
You didn't know any spells.
Your spell library was empty.

Dungeon Overview and Level Annotations

Branches:
Dungeon (6/15)             Temple (0/1) D:5

Altars:
Makhleb

Annotations:
D:5 Edmund


Innate Abilities, Weirdness & Mutations

You cannot wear most types of armour.
You are amphibious.
You can wear up to eight rings at the same time.
Your skin changes colour to match your surroundings (Stealth+).
Your rubbery body absorbs attacks. (AC +1, EV +1)
((You are camouflaged when in or above water. (Stealth+)))
You have tentacles for arms and can constrict up to eight enemies at once.


Message History

You tentacle-slap the gnoll sergeant. You grab the gnoll sergeant.
The gnoll sergeant is lightly wounded.
You constrict the gnoll sergeant, but do no damage.
The gnoll sergeant closely misses you.
You tentacle-slap the gnoll sergeant but do no damage.
The gnoll sergeant is lightly wounded.
You constrict the gnoll sergeant.
The gnoll sergeant hits you with a +0 hand axe!
You are too injured to fight recklessly!
You are too injured to fight recklessly!
You are too injured to fight recklessly!
You tentacle-slap the gnoll sergeant.
The gnoll sergeant is lightly wounded.
You constrict the gnoll sergeant.
The gnoll sergeant hits you with a +0 hand axe!
* * * LOW HITPOINT WARNING * * *
You barely miss the gnoll sergeant.
The gnoll sergeant is moderately wounded.
You constrict the gnoll sergeant, but do no damage.
The gnoll sergeant closely misses you. What are your orders? t - Shout!
Orders for allies: a - Attack new target. r - Retreat! s - Stop attacking. g - Guard the area. f - Follow me.
Anything else - Cancel.
Gang up on whom?
Press: ? - help, Dir - move target, f - gnoll sergeant
Aim: a gnoll sergeant, wielding a +0 hand axe, wearing a +0 scale mail and wearing an amulet of faith (moderately wounded, constricted by you)
Okay, then.
It was a potion of brilliance.
You feel clever all of a sudden.
You constrict the gnoll sergeant, but do no damage.
The gnoll sergeant barely misses you.
It was a potion of degeneration.
There was something very wrong with that liquid.
You feel weakened.
You feel dopey.
You feel clumsy.
You constrict the gnoll sergeant, but do no damage.
The gnoll sergeant hits you with a +0 hand axe!
You die...

.##. #.# .# #.#
#.# #.# #####.#
#.# ......# #.#
####### #.#
....# #########
#.# ###.#
......g@# #.#
#.############.#
#.#
#..............#
##.#
##############.#
#..# #.# #.##
#.## #.#
#####..##### #.#
#..........# #.#
....###..###.#
#.#


You could see a gnoll sergeant.

Vanquished Creatures
  4 gnolls (D:3)
  5 adders
  A dart slug (D:1)
  3 ball pythons
  7 bats
  3 endoplasms
  3 giant cockroaches
  5 goblins
  3 hobgoblins
  2 jackals (D:2)
  A quokka (D:1)
  A frilled lizard (D:3)
  4 kobolds
  2 rats
44 creatures vanquished.

Notes
Turn   | Place    | Note
-------+----------+-------------------------------------------
     0 | D:5      | croobank the Octopode Delver began the quest for the Orb.
     0 | D:5      | Reached XP level 1. HP: 16/16 MP: 1/1
    33 | D:6      | Noticed a killer bee
    88 | D:5      | Noticed an iguana
   152 | D:5      | Noticed Edmund
   255 | D:4      | Noticed an iguana
   255 | D:4      | Noticed a necrophage
   410 | D:4      | Noticed a black bear
   650 | D:2      | Reached XP level 2. HP: 13/21 MP: 2/2
  1129 | D:1      | Found a faded altar of an unknown god.
  1500 | D:1      | Reached XP level 3. HP: 26/26 MP: 3/3
  1737 | D:2      | Reached skill level 7 in Stealth
  1884 | D:2      | Found a burning altar of Makhleb.
  1892 | D:2      | Reached XP level 4. HP: 25/31 MP: 4/4
  2770 | D:3      | Reached XP level 5. HP: 25/37 MP: 5/5
  3086 | D:3      | Slain by a gnoll sergeant

Illustrated notes

Levels and vault maps discovered:
D:1:      amcnicky_arrival_feature_with_door, layout_loops_corners,
          hellmonk_ecumenical_altar_leap_of_faith, minmay_tromino_i2
D:2:      layout_basic, basic_altar, kennysheep_nondescript, solitary_fountain
D:3:      layout_loops_ring, pf_guarded_unrand_woodcutter
D:4:      layout_gridville, grunt_temple_overflow_open, serial_shops,
          nicolae_shop_behind_doors, minmay_close_crescents, uniq_duvessa,
          uniq_grinder
D:5:      layout_layer_cave, minmay_temple_entry_tees, uniq_edmund
D:6:      layout_cave_pools

Skill      XL: |  1  2  3  4 |
---------------+-------------+-----
Stealth        | 7 |  7.4
Dodging        | 3 |  3.1
Unarmed Combat | 3 |  3.0
Fighting       | |  3.8

Action                   |  1- 3 |  4- 6 || total
-------------------------+-------+-------++-------
Melee: Unarmed           |    55 |    42 ||    97
       Tentacles         |    15 |    12 ||    27
       Constrict         |    16 |    11 ||    27
       Punch             |     2 |     3 ||     5
Evoke: Wand              |     2 |       ||     2
  Use: Scroll            |     2 |     1 ||     3
       Potion            |       |     2 ||     2
 Stab: Sleeping          |    10 |     5 ||    15
Armor: Skin              |     5 |     4 ||     9
Dodge: Dodged            |    36 |    27 ||    63
